[ AOE2 MATCH · #478414995 ]
UnrankedTatars vs Romans
Player's team · LOSS
[ REPLAY ANALYSIS · EXTRACTED FROM THE RECORDED GAME ]
Feudal
15:20
Castle
24:41
Imperial
—
| APM avg | 23.9 |
| APM peak | 66 |
| eAPM avg | 15.4 |
| Villagers / military | 86 / 0 |
Focus
⚔️ 19.6% · 🌾 80.4%
Fishing Ship ×3
Feudal
12:34
Castle
23:51
Imperial
—
| APM avg | 28.5 |
| APM peak | 75 |
| eAPM avg | 19.1 |
| Villagers / military | 103 / 3 |
Focus
⚔️ 20.0% · 🌾 80.0%
Militia ×3
Feudal
12:24
Castle
15:35
Imperial
26:48
| APM avg | 57.4 |
| APM peak | 132 |
| eAPM avg | 23.7 |
| Villagers / military | 143 / 27 |
Focus
⚔️ 24.9% · 🌾 75.1%
Hand Cannoneer ×18 · Fishing Ship ×17 · Bombard Cannon ×6 · Mangonel ×2 · Trebuchet (Packed) ×1
Feudal
13:17
Castle
17:12
Imperial
21:52
| APM avg | 33.9 |
| APM peak | 83 |
| eAPM avg | 18.3 |
| Villagers / military | 65 / 67 |
Focus
⚔️ 35.1% · 🌾 64.9%
Hand Cannoneer ×62 · Fishing Ship ×29 · Bombard Cannon ×4 · Flemish Militia ×1
Feudal
—
Castle
—
Imperial
—
| APM avg | 41.0 |
| APM peak | 101 |
| eAPM avg | 15.6 |
| Villagers / military | 58 / 12 |
Focus
⚔️ 24.7% · 🌾 75.3%
Organ Gun ×8 · Mangonel ×3 · Trebuchet (Packed) ×1
Feudal
13:51
Castle
17:25
Imperial
—
| APM avg | 39.9 |
| APM peak | 90 |
| eAPM avg | 22.1 |
| Villagers / military | 161 / 19 |
Focus
⚔️ 20.9% · 🌾 79.1%
Kipchak ×19
Feudal
11:34
Castle
15:10
Imperial
—
| APM avg | 32.9 |
| APM peak | 102 |
| eAPM avg | 25.0 |
| Villagers / military | 106 / 60 |
Focus
⚔️ 23.6% · 🌾 76.4%
Knight ×57 · Mangonel ×1 · Scorpion ×1 · Battering Ram ×1
Feudal
11:45
Castle
16:05
Imperial
28:29
| APM avg | 39.2 |
| APM peak | 69 |
| eAPM avg | 23.0 |
| Villagers / military | 90 / 82 |
Focus
⚔️ 21.5% · 🌾 78.5%
Spearman ×69 · Fishing Ship ×42 · Bombard Cannon ×11 · Monk ×1 · Mangonel ×1
Match map
Initial resources + every placement click. Lines = walls · curves = elevation contours. ◆ gold · ⬟ stone · ● berries · ✦ relic · ◌ wall gap
Your base· ✓ Closed at 24:41 · 68t walls · no gate
Mushu's base· ✓ Closed at 23:51 · 51t walls · 1 gate(s)
Czech Norris (RIP)'s base· ✓ Closed at 15:35 · 4t walls · no gate
aoclearnarabia's base· Open — opponent sealed themselves in
JARDANI1299's base· ✓ Closed at 12:59 · 26t walls · fragile
HardyBoy's base· ✓ Closed at 17:25 · 42t walls · no gate
Benedict Cucumberpatch's base· ✓ Closed at 15:10 · 0t walls · no gate
Pandas United's base· Open — opponent sealed themselves in
Smoothed initial terrain · ◌ = detected wall gap · hover for details
Inputs per minute
— Flex - - Mushu
Build order — Flex
First 150 of 167 actions detected
| 0:03 | Queue | Villager (Male) |
| 0:03 | Queue | Villager (Male) |
| 0:03 | Queue | Villager (Male) |
| 0:04 | Build | House |
| 0:06 | Build | House |
| 0:18 | Queue | Villager (Male) |
| 0:18 | Queue | Villager (Male) |
| 0:26 | Research | Loom |
| 0:26 | Research | Loom |
| 0:36 | Queue | Villager (Male) |
| 0:36 | Queue | Villager (Male) |
| 0:36 | Queue | Villager (Male) |
| 0:45 | Build | Palisade Wall |
| 2:03 | Queue | Villager (Male) |
| 2:04 | Queue | Villager (Male) |
| 2:04 | Queue | Villager (Male) |
| 2:44 | Queue | Villager (Male) |
| 2:44 | Queue | Villager (Male) |
| 2:44 | Queue | Villager (Male) |
| 2:44 | Queue | Villager (Male) |
| 3:35 | Build | Palisade Wall |
| 3:59 | Build | Palisade Wall |
| 4:04 | Build | Palisade Wall |
| 4:10 | Queue | Villager (Male) |
| 4:10 | Queue | Villager (Male) |
| 4:10 | Queue | Villager (Male) |
| 4:45 | Build | Lumber Camp |
| 4:55 | Queue | Villager (Male) |
| 4:56 | Queue | Villager (Male) |
| 4:56 | Queue | Villager (Male) |
| 4:56 | Queue | Villager (Male) |
| 5:28 | Queue | Villager (Male) |
| 5:29 | Queue | Villager (Male) |
| 5:29 | Queue | Villager (Male) |
| 5:29 | Queue | Villager (Male) |
| 5:58 | Queue | Villager (Male) |
| 5:58 | Queue | Villager (Male) |
| 5:59 | Queue | Villager (Male) |
| 6:29 | Queue | Villager (Male) |
| 6:29 | Queue | Villager (Male) |
| 6:29 | Queue | Villager (Male) |
| 6:29 | Queue | Villager (Male) |
| 6:49 | Queue | Villager (Male) |
| 6:50 | Queue | Villager (Male) |
| 6:50 | Queue | Villager (Male) |
| 7:18 | Queue | Villager (Male) |
| 7:18 | Queue | Villager (Male) |
| 7:18 | Queue | Villager (Male) |
| 7:35 | Build | Dock |
| 7:39 | Queue | Villager (Male) |
| 7:46 | Build | House |
| 8:08 | Queue | Villager (Male) |
| 8:08 | Queue | Villager (Male) |
| 8:08 | Queue | Villager (Male) |
| 8:38 | Queue | Villager (Male) |
| 8:38 | Queue | Villager (Male) |
| 9:02 | Queue | Fishing Ship |
| 9:21 | Queue | Villager (Male) |
| 9:21 | Queue | Villager (Male) |
| 9:23 | Queue | Villager (Male) |
| 9:23 | Queue | Villager (Male) |
| 9:23 | Queue | Villager (Male) |
| 9:47 | Build | House |
| 9:50 | Build | House |
| 10:17 | Queue | Villager (Male) |
| 10:17 | Queue | Villager (Male) |
| 10:18 | Queue | Villager (Male) |
| 10:42 | Build | Mill |
| 10:58 | Build | House |
| 10:59 | Queue | Villager (Male) |
| 11:00 | Queue | Villager (Male) |
| 11:17 | Queue | Villager (Male) |
| 11:40 | Queue | Villager (Male) |
| 11:46 | Queue | Fishing Ship |
| 12:14 | Build | Mining Camp |
| 12:15 | Queue | Villager (Male) |
| 13:10 | Research | Feudal Age |
| 13:10 | Research | Feudal Age |
| 13:37 | Build | Palisade Wall |
| 13:39 | Build | Palisade Wall |
| 14:06 | Build | Palisade Wall |
| 14:12 | Build | Palisade Wall |
| 15:20 | Age | Feudal Age |
| 15:24 | Build | Stone Wall |
| 15:36 | Build | Stone Wall |
| 15:38 | Queue | Villager (Male) |
| 15:39 | Queue | Villager (Male) |
| 15:47 | Build | Stone Wall |
| 16:22 | Build | Stone Wall |
| 16:31 | Build | Lumber Camp |
| 16:48 | Build | Mining Camp |
| 16:54 | Build | Mining Camp |
| 17:09 | Queue | Villager (Male) |
| 17:11 | Queue | Fishing Ship |
| 17:36 | Queue | Villager (Male) |
| 17:53 | Build | Farm |
| 18:04 | Queue | Villager (Male) |
| 18:10 | Build | Farm |
| 18:10 | Build | Farm |
| 18:51 | Build | Farm |
| 18:54 | Queue | Villager (Male) |
| 19:12 | Build | Farm |
| 19:39 | Build | Farm |
| 19:58 | Queue | Villager (Male) |
| 19:58 | Queue | Villager (Male) |
| 20:39 | Queue | Villager (Male) |
| 20:50 | Build | Stone Wall |
| 21:05 | Queue | Villager (Male) |
| 21:08 | Build | Blacksmith |
| 21:12 | Build | Market |
| 21:29 | Build | Stone Wall |
| 22:01 | Research | Castle Age |
| 22:02 | Research | Castle Age |
| 22:02 | Research | Castle Age |
| 22:03 | Build | Farm |
| 22:11 | Build | Farm |
| 22:11 | Build | Farm |
| 22:11 | Build | Farm |
| 22:12 | Build | Farm |
| 23:00 | Research | Double-Bit Axe |
| 23:00 | Research | Double-Bit Axe |
| 23:00 | Research | Double-Bit Axe |
| 23:01 | Research | Double-Bit Axe |
| 23:07 | Research | Horse Collar |
| 23:07 | Research | Horse Collar |
| 23:07 | Research | Horse Collar |
| 23:46 | Queue | Villager (Male) |
| 23:47 | Queue | Villager (Male) |
| 24:21 | Build | Stone Wall |
| 24:29 | Queue | Villager (Male) |
| 24:41 | Age | Castle Age |
| 25:06 | Build | Town Center |
| 25:07 | Queue | Villager (Male) |
| 26:00 | Build | Lumber Camp |
| 26:07 | Build | Lumber Camp |
| 26:42 | Build | Town Center |
| 27:54 | Queue | Villager (Male) |
| 27:54 | Queue | Villager (Male) |
| 27:59 | Queue | Villager (Male) |
| 28:05 | Research | Bow Saw |
| 28:06 | Research | Bow Saw |
| 28:06 | Research | Bow Saw |
| 28:08 | Queue | Villager (Male) |
| 28:28 | Queue | Villager (Male) |
| 28:39 | Build | Town Center |
| 28:46 | Queue | Villager (Male) |
| 28:51 | Build | House |
| 28:52 | Build | House |
| 28:52 | Build | House |
| 28:53 | Build | House |
Build order — Mushu
First 150 of 233 actions detected
| 0:02 | Queue | Villager (Male) ×4 |
| 0:03 | Build | House |
| 0:04 | Build | House |
| 0:13 | Research | Loom |
| 0:13 | Queue | Villager (Male) |
| 0:14 | Queue | Villager (Male) |
| 0:43 | Queue | Villager (Male) |
| 2:05 | Queue | Villager (Male) |
| 2:28 | Build | Palisade Wall |
| 2:29 | Build | Palisade Wall |
| 2:32 | Queue | Villager (Male) |
| 2:51 | Build | Palisade Wall |
| 2:54 | Build | Palisade Wall |
| 3:26 | Queue | Villager (Male) |
| 3:35 | Build | Palisade Wall |
| 3:38 | Build | Palisade Wall |
| 3:45 | Queue | Villager (Male) |
| 4:01 | Build | Palisade Wall |
| 4:03 | Build | Palisade Wall |
| 4:05 | Build | Palisade Wall |
| 4:11 | Build | Palisade Wall |
| 4:12 | Queue | Villager (Male) |
| 4:15 | Build | Palisade Wall |
| 4:20 | Build | Palisade Wall |
| 4:21 | Build | Palisade Wall |
| 4:23 | Build | Palisade Wall |
| 4:34 | Queue | Villager (Male) |
| 4:50 | Build | Lumber Camp |
| 4:58 | Queue | Villager (Male) |
| 5:22 | Queue | Villager (Male) |
| 5:54 | Queue | Villager (Male) |
| 6:24 | Queue | Villager (Male) |
| 6:37 | Queue | Villager (Male) |
| 6:40 | Build | House |
| 7:25 | Queue | Villager (Male) |
| 7:28 | Queue | Villager (Male) |
| 7:57 | Queue | Villager (Male) |
| 8:02 | Build | House |
| 8:44 | Queue | Villager (Male) |
| 9:09 | Queue | Villager (Male) |
| 9:48 | Queue | Villager (Male) |
| 9:53 | Build | Barracks |
| 10:24 | Research | Feudal Age |
| 10:35 | Queue | Militia |
| 10:35 | Queue | Militia |
| 11:18 | Build | Mining Camp |
| 11:32 | Build | Mining Camp |
| 11:47 | Build | House |
| 12:05 | Queue | Militia |
| 12:34 | Age | Feudal Age |
| 12:46 | Build | Watch Tower |
| 12:56 | Queue | Villager (Male) |
| 12:57 | Queue | Villager (Male) |
| 13:06 | Research | Man-at-Arms (upgrade) |
| 13:11 | Research | Double-Bit Axe |
| 13:16 | Queue | Villager (Male) |
| 13:50 | Build | Mill |
| 14:12 | Build | Watch Tower |
| 14:19 | Queue | Villager (Male) |
| 14:32 | Queue | Villager (Male) |
| 14:38 | Build | House |
| 14:59 | Queue | Villager (Male) |
| 15:02 | Build | Blacksmith |
| 15:05 | Build | Archery Range |
| 15:08 | Queue | Villager (Male) |
| 16:18 | Queue | Villager (Male) |
| 16:19 | Queue | Villager (Male) |
| 16:22 | Queue | Villager (Male) |
| 16:53 | Build | Stone Wall |
| 16:59 | Build | Stone Wall |
| 17:02 | Queue | Villager (Male) |
| 17:18 | Research | Horse Collar |
| 18:11 | Queue | Villager (Male) |
| 18:12 | Queue | Villager (Male) |
| 18:14 | Build | Farm |
| 18:15 | Build | Farm |
| 18:16 | Build | Farm |
| 18:18 | Build | Farm |
| 18:20 | Build | Farm |
| 18:20 | Build | Farm |
| 18:23 | Build | Farm |
| 18:26 | Build | Farm |
| 18:28 | Queue | Villager (Male) |
| 18:31 | Build | Market |
| 18:42 | Build | Blacksmith |
| 18:54 | Build | Stone Wall |
| 18:58 | Build | Stone Wall |
| 19:16 | Build | Stone Wall |
| 19:17 | Build | Stone Wall |
| 19:18 | Build | Stone Wall |
| 19:20 | Build | Stone Wall |
| 19:26 | Build | Farm |
| 19:27 | Build | Farm |
| 19:28 | Build | Farm |
| 19:34 | Build | Farm |
| 19:38 | Build | Farm |
| 19:39 | Build | Farm |
| 19:40 | Queue | Villager (Male) |
| 19:47 | Build | House |
| 19:58 | Build | Stone Wall |
| 20:12 | Queue | Villager (Male) |
| 20:32 | Build | Stone Wall |
| 20:42 | Queue | Villager (Male) |
| 20:58 | Research | Castle Age |
| 21:19 | Build | Stone Wall |
| 22:02 | Build | Gate |
| 22:54 | Build | House |
| 22:56 | Build | House |
| 23:51 | Age | Castle Age |
| 23:53 | Build | Town Center |
| 23:54 | Queue | Villager (Male) |
| 23:59 | Build | Town Center |
| 24:06 | Build | Town Center |
| 24:13 | Queue | Villager (Male) |
| 24:15 | Build | House |
| 24:17 | Research | Bow Saw |
| 24:31 | Queue | Villager (Male) |
| 24:37 | Research | Heavy Plow |
| 25:07 | Queue | Villager (Male) |
| 25:19 | Build | House |
| 25:21 | Queue | Villager (Male) |
| 25:32 | Build | Farm |
| 25:33 | Build | Farm |
| 25:36 | Queue | Villager (Male) |
| 25:36 | Queue | Villager (Male) |
| 25:42 | Build | Farm |
| 25:44 | Queue | Villager (Male) |
| 25:48 | Build | Farm |
| 25:49 | Build | Farm |
| 25:50 | Build | Farm |
| 25:51 | Queue | Villager (Male) |
| 25:53 | Queue | Villager (Male) |
| 25:53 | Queue | Villager (Male) |
| 25:54 | Queue | Villager (Male) |
| 25:54 | Queue | Villager (Male) |
| 25:55 | Queue | Villager (Male) |
| 26:01 | Research | Wheelbarrow |
| 26:01 | Queue | Villager (Male) |
| 26:14 | Queue | Villager (Male) |
| 26:27 | Queue | Villager (Male) |
| 26:29 | Build | Farm |
| 26:33 | Queue | Villager (Male) |
| 26:35 | Build | Farm |
| 26:39 | Build | Farm |
| 26:40 | Queue | Villager (Male) |
| 26:42 | Queue | Villager (Male) |
| 26:49 | Build | House |
| 26:51 | Build | House |
| 26:52 | Build | House |
| 26:54 | Build | House |
Build order — Czech Norris (RIP)
First 150 of 284 actions detected
| 0:01 | Queue | Villager (Male) |
| 0:02 | Queue | Villager (Male) |
| 0:03 | Build | House |
| 0:05 | Build | House |
| 0:11 | Queue | Villager (Male) |
| 0:12 | Queue | Villager (Male) |
| 0:12 | Queue | Villager (Male) |
| 1:22 | Queue | Villager (Male) |
| 1:51 | Build | Lumber Camp |
| 2:01 | Queue | Villager (Male) |
| 2:21 | Queue | Villager (Male) |
| 2:45 | Queue | Villager (Male) |
| 3:01 | Queue | Villager (Male) |
| 3:19 | Build | House |
| 3:29 | Queue | Villager (Male) |
| 3:55 | Queue | Villager (Male) |
| 4:24 | Queue | Villager (Male) |
| 4:41 | Queue | Villager (Male) |
| 4:48 | Build | Dock |
| 4:58 | Queue | Villager (Male) |
| 5:09 | Build | House |
| 5:26 | Queue | Villager (Male) |
| 5:27 | Queue | Fishing Ship |
| 5:43 | Queue | Villager (Male) |
| 5:59 | Queue | Fishing Ship |
| 6:08 | Build | Mill |
| 6:29 | Queue | Villager (Male) |
| 6:34 | Build | House |
| 6:37 | Queue | Villager (Male) |
| 6:38 | Queue | Villager (Male) |
| 6:41 | Queue | Fishing Ship |
| 7:08 | Queue | Villager (Male) |
| 7:12 | Queue | Fishing Ship |
| 7:38 | Queue | Villager (Male) |
| 7:38 | Queue | Villager (Male) |
| 7:45 | Build | House |
| 7:59 | Queue | Villager (Male) |
| 8:02 | Queue | Fishing Ship |
| 8:20 | Build | House |
| 8:23 | Queue | Villager (Male) |
| 8:34 | Queue | Villager (Male) |
| 8:37 | Queue | Fishing Ship |
| 9:33 | Queue | Fishing Ship |
| 9:46 | Queue | Villager (Male) |
| 9:56 | Build | Lumber Camp |
| 10:02 | Research | Feudal Age |
| 10:28 | Queue | Fishing Ship |
| 11:38 | Queue | Villager (Male) |
| 11:38 | Queue | Villager (Male) |
| 11:41 | Queue | Fishing Ship |
| 12:11 | Build | House |
| 12:24 | Age | Feudal Age |
| 12:25 | Build | Blacksmith |
| 12:27 | Build | Market |
| 12:29 | Research | Double-Bit Axe |
| 12:41 | Queue | Fishing Ship |
| 12:51 | Build | Palisade Wall |
| 12:54 | Build | House |
| 12:56 | Build | Palisade Wall |
| 13:07 | Research | Castle Age |
| 13:07 | Research | Castle Age |
| 13:23 | Build | Fish Trap |
| 13:27 | Build | Fish Trap |
| 13:32 | Build | Fish Trap |
| 13:40 | Research | Tech 906 |
| 14:19 | Build | Fish Trap |
| 15:01 | Queue | Villager (Male) |
| 15:35 | Age | Castle Age |
| 15:37 | Build | Town Center |
| 15:39 | Build | Town Center |
| 15:40 | Research | Bow Saw |
| 15:50 | Queue | Villager (Male) |
| 15:55 | Build | Fish Trap |
| 15:58 | Build | Fish Trap |
| 16:22 | Queue | Villager (Male) |
| 16:23 | Queue | Villager (Male) |
| 16:25 | Queue | Fishing Ship |
| 16:35 | Research | Horse Collar |
| 16:45 | Queue | Villager (Male) |
| 16:46 | Queue | Villager (Male) |
| 16:50 | Build | Fish Trap |
| 16:57 | Build | House |
| 16:59 | Queue | Villager (Male) |
| 16:59 | Queue | Villager (Male) |
| 17:01 | Queue | Villager (Male) |
| 17:05 | Queue | Villager (Male) |
| 17:08 | Queue | Villager (Male) |
| 17:10 | Queue | Villager (Male) ×5 |
| 17:14 | Build | Fish Trap |
| 17:17 | Build | Fish Trap |
| 17:19 | Build | Fish Trap |
| 17:23 | Build | Fish Trap |
| 17:25 | Build | House |
| 17:26 | Build | House |
| 17:29 | Build | Stone Wall |
| 17:30 | Queue | Villager (Male) |
| 17:32 | Build | Stone Wall |
| 17:32 | Build | Stone Wall |
| 17:35 | Queue | Villager (Male) |
| 17:35 | Queue | Villager (Male) |
| 17:37 | Build | Farm |
| 17:38 | Queue | Fishing Ship |
| 17:41 | Build | Farm |
| 17:43 | Queue | Villager (Male) |
| 17:46 | Build | Farm |
| 17:52 | Build | Stone Wall |
| 17:54 | Build | Outpost |
| 17:59 | Research | Town Watch |
| 17:59 | Research | Wheelbarrow |
| 18:01 | Queue | Villager (Male) |
| 18:11 | Build | Farm |
| 18:11 | Build | Farm |
| 18:15 | Build | Farm |
| 18:15 | Queue | Fishing Ship |
| 18:21 | Build | Fish Trap |
| 18:21 | Queue | Villager (Male) ×4 |
| 18:27 | Build | Stone Wall |
| 18:27 | Build | Stone Wall |
| 18:28 | Build | Stone Wall |
| 18:32 | Queue | Villager (Male) ×2 |
| 18:35 | Queue | Villager (Male) |
| 18:45 | Build | Farm |
| 18:46 | Build | Farm |
| 18:48 | Queue | Fishing Ship |
| 18:53 | Build | Fish Trap |
| 18:55 | Research | Gillnets |
| 18:58 | Queue | Villager (Male) |
| 18:58 | Queue | Villager (Male) |
| 19:02 | Queue | Villager (Male) |
| 19:15 | Build | Siege Workshop |
| 19:17 | Queue | Villager (Male) |
| 19:19 | Queue | Villager (Male) |
| 19:25 | Build | Mining Camp |
| 19:29 | Queue | Villager (Male) |
| 19:33 | Build | House |
| 19:34 | Build | House |
| 19:39 | Queue | Villager (Male) |
| 19:41 | Queue | Villager (Male) |
| 19:43 | Build | Farm |
| 19:45 | Build | Farm |
| 19:48 | Build | Farm |
| 19:51 | Build | Mining Camp |
| 19:54 | Research | Loom |
| 19:56 | Queue | Villager (Male) |
| 19:59 | Queue | Villager (Male) |
| 20:05 | Build | House |
| 20:06 | Build | House |
| 20:12 | Queue | Villager (Male) ×3 |
| 20:22 | Queue | Villager (Male) |
| 20:41 | Build | House |
Build order — aoclearnarabia
First 150 of 263 actions detected
| 0:01 | Queue | Villager (Male) |
| 0:02 | Queue | Villager (Male) |
| 0:03 | Build | House |
| 0:04 | Build | House |
| 0:18 | Queue | Villager (Male) |
| 0:18 | Queue | Villager (Male) |
| 0:18 | Queue | Villager (Male) |
| 1:24 | Queue | Villager (Male) |
| 1:25 | Queue | Villager (Male) |
| 2:03 | Queue | Villager (Male) |
| 2:14 | Queue | Villager (Male) |
| 2:14 | Queue | Villager (Male) |
| 2:44 | Queue | Villager (Male) |
| 2:55 | Queue | Villager (Male) |
| 2:55 | Queue | Villager (Male) |
| 3:30 | Queue | Villager (Male) |
| 3:30 | Queue | Villager (Male) |
| 3:32 | Build | Lumber Camp |
| 3:49 | Queue | Villager (Male) |
| 3:50 | Queue | Villager (Male) |
| 3:58 | Build | House |
| 4:11 | Queue | Villager (Male) |
| 4:11 | Queue | Villager (Male) |
| 4:51 | Queue | Villager (Male) |
| 4:52 | Queue | Villager (Male) |
| 5:20 | Build | Dock |
| 5:33 | Build | House |
| 5:44 | Queue | Villager (Male) |
| 6:05 | Research | Double-Bit Axe |
| 6:19 | Queue | Villager (Male) |
| 6:32 | Build | House |
| 6:37 | Queue | Villager (Male) |
| 6:45 | Queue | Villager (Male) |
| 6:48 | Queue | Fishing Ship |
| 6:53 | Queue | Villager (Male) |
| 7:20 | Queue | Fishing Ship |
| 7:26 | Queue | Villager (Male) |
| 8:06 | Research | Tech 906 |
| 8:12 | Build | House |
| 8:21 | Queue | Villager (Male) |
| 8:30 | Build | Mill |
| 8:50 | Queue | Fishing Ship |
| 9:01 | Queue | Villager (Male) |
| 9:02 | Queue | Villager (Male) |
| 9:02 | Queue | Villager (Male) |
| 9:36 | Build | House |
| 9:54 | Queue | Fishing Ship |
| 10:06 | Queue | Villager (Male) |
| 10:09 | Build | Mining Camp |
| 10:30 | Queue | Villager (Male) |
| 10:57 | Queue | Fishing Ship |
| 11:04 | Research | Feudal Age |
| 11:24 | Build | House |
| 12:00 | Queue | Fishing Ship |
| 12:50 | Queue | Villager (Male) |
| 12:53 | Queue | Fishing Ship |
| 13:17 | Age | Feudal Age |
| 13:21 | Build | Market |
| 13:23 | Build | Blacksmith |
| 13:29 | Queue | Villager (Male) |
| 13:34 | Research | Bow Saw |
| 13:47 | Research | Gold Mining |
| 14:01 | Build | Lumber Camp |
| 14:02 | Queue | Villager (Male) |
| 14:23 | Build | House |
| 14:29 | Research | Castle Age |
| 14:31 | Research | Gillnets |
| 14:52 | Queue | Fishing Ship |
| 15:08 | Queue | Fishing Ship |
| 15:12 | Build | Fish Trap |
| 15:43 | Build | Barracks |
| 15:46 | Queue | Fishing Ship |
| 15:52 | Build | Fish Trap |
| 16:20 | Build | Fish Trap |
| 16:24 | Build | Fish Trap |
| 16:28 | Build | Fish Trap |
| 16:48 | Build | Fish Trap |
| 16:51 | Build | Fish Trap |
| 17:12 | Age | Castle Age |
| 17:16 | Build | Monastery |
| 17:17 | Queue | Villager (Male) |
| 17:21 | Build | Siege Workshop |
| 17:24 | Queue | Villager (Male) |
| 17:46 | Build | University |
| 17:48 | Research | Loom |
| 18:16 | Build | Fish Trap |
| 18:17 | Queue | Fishing Ship |
| 18:29 | Build | Fish Trap |
| 18:33 | Queue | Fishing Ship |
| 18:42 | Research | Imperial Age |
| 18:46 | Build | Archery Range |
| 19:02 | Build | Fish Trap |
| 19:13 | Build | Lumber Camp |
| 19:40 | Build | Siege Workshop |
| 19:53 | Build | House |
| 19:57 | Build | Fish Trap |
| 20:05 | Queue | Fishing Ship |
| 20:20 | Queue | Flemish Militia |
| 20:29 | Build | Archery Range |
| 21:02 | Build | Fish Trap |
| 21:09 | Build | Archery Range |
| 21:15 | Research | Padded Archer Armor |
| 21:20 | Build | Mining Camp |
| 21:24 | Build | Mining Camp |
| 21:52 | Age | Imperial Age |
| 21:56 | Research | Chemistry |
| 21:58 | Build | House |
| 21:59 | Research | Two-Man Saw |
| 22:01 | Queue | Villager (Male) |
| 22:01 | Queue | Villager (Male) |
| 22:11 | Build | Dock |
| 22:30 | Build | House |
| 22:34 | Research | Leather Archer Armor |
| 22:37 | Queue | Villager (Male) |
| 22:40 | Queue | Fishing Ship |
| 22:59 | Build | Mining Camp |
| 23:04 | Queue | Villager (Male) |
| 23:17 | Queue | Bombard Cannon |
| 23:18 | Queue | Bombard Cannon |
| 23:22 | Queue | Hand Cannoneer ×5 |
| 23:33 | Queue | Villager (Male) |
| 23:38 | Queue | Fishing Ship |
| 23:44 | Queue | Hand Cannoneer |
| 23:44 | Queue | Hand Cannoneer |
| 23:44 | Queue | Hand Cannoneer |
| 23:51 | Queue | Villager (Male) |
| 24:06 | Queue | Hand Cannoneer |
| 24:06 | Queue | Hand Cannoneer |
| 24:07 | Queue | Hand Cannoneer |
| 24:18 | Queue | Bombard Cannon |
| 24:26 | Build | House |
| 24:28 | Build | Fish Trap |
| 25:09 | Queue | Hand Cannoneer |
| 25:18 | Queue | Bombard Cannon |
| 25:23 | Queue | Hand Cannoneer |
| 25:24 | Queue | Hand Cannoneer |
| 25:24 | Queue | Hand Cannoneer |
| 25:32 | Queue | Hand Cannoneer |
| 25:32 | Queue | Hand Cannoneer |
| 25:36 | Build | House |
| 25:37 | Queue | Villager (Male) |
| 25:39 | Build | Town Center |
| 25:49 | Queue | Hand Cannoneer |
| 25:49 | Queue | Hand Cannoneer |
| 25:59 | Build | Fish Trap |
| 26:00 | Build | House |
| 26:01 | Build | House |
| 26:01 | Build | House |
| 26:03 | Queue | Fishing Ship |
| 26:04 | Queue | Fishing Ship |
Build order — JARDANI1299
137 actions detected in the replay
| 0:02 | Queue | Villager (Male) |
| 0:02 | Queue | Villager (Male) |
| 0:03 | Build | House |
| 0:05 | Build | House |
| 0:25 | Research | Loom |
| 0:26 | Queue | Villager (Male) ×2 |
| 1:38 | Build | Palisade Wall |
| 1:45 | Queue | Villager (Male) |
| 1:46 | Queue | Villager (Male) |
| 2:23 | Queue | Villager (Male) |
| 2:24 | Queue | Villager (Male) |
| 2:24 | Queue | Villager (Male) |
| 2:53 | Queue | Villager (Male) |
| 2:54 | Queue | Villager (Male) |
| 3:14 | Build | Palisade Wall |
| 3:16 | Build | Palisade Wall |
| 3:28 | Queue | Villager (Male) |
| 3:28 | Queue | Villager (Male) |
| 3:37 | Queue | Villager (Male) |
| 3:38 | Queue | Villager (Male) |
| 4:06 | Queue | Villager (Male) |
| 4:06 | Queue | Villager (Male) |
| 4:40 | Queue | Villager (Male) |
| 4:40 | Queue | Villager (Male) |
| 4:40 | Queue | Villager (Male) |
| 4:59 | Build | Lumber Camp |
| 5:17 | Queue | Villager (Male) |
| 5:18 | Queue | Villager (Male) |
| 5:22 | Build | House |
| 5:51 | Queue | Villager (Male) |
| 6:04 | Build | Palisade Wall |
| 6:11 | Build | Palisade Wall |
| 6:20 | Build | House |
| 6:44 | Queue | Villager (Male) |
| 6:44 | Queue | Villager (Male) |
| 7:08 | Queue | Villager (Male) |
| 7:09 | Queue | Villager (Male) |
| 7:10 | Queue | Villager (Male) |
| 7:10 | Queue | Villager (Male) |
| 7:17 | Build | Mill |
| 8:27 | Queue | Villager (Male) |
| 8:48 | Queue | Villager (Male) |
| 8:49 | Queue | Villager (Male) |
| 9:13 | Build | Mining Camp |
| 9:58 | Research | Feudal Age |
| 10:34 | Build | House |
| 11:30 | Queue | Villager (Male) |
| 11:30 | Queue | Villager (Male) |
| 12:12 | Build | Market |
| 12:14 | Build | Blacksmith |
| 12:59 | Research | Castle Age |
| 13:12 | Build | Mining Camp |
| 13:39 | Research | Double-Bit Axe |
| 14:42 | Build | House |
| 14:48 | Build | House |
| 14:49 | Build | House |
| 15:04 | Queue | Villager (Male) |
| 15:19 | Build | House |
| 15:43 | Queue | Villager (Male) |
| 16:30 | Queue | Villager (Male) |
| 16:36 | Build | Farm |
| 16:42 | Build | Farm |
| 16:58 | Build | Castle |
| 17:09 | Build | Lumber Camp |
| 17:29 | Queue | Villager (Male) |
| 17:42 | Build | Stone Wall |
| 17:43 | Build | Stone Wall |
| 17:46 | Build | Stone Wall |
| 17:52 | Queue | Villager (Male) |
| 17:55 | Build | Farm |
| 17:59 | Build | Farm |
| 18:06 | Queue | Organ Gun |
| 18:13 | Build | Siege Workshop |
| 18:24 | Queue | Villager (Male) |
| 18:27 | Build | Farm |
| 18:30 | Queue | Villager (Male) |
| 19:04 | Queue | Villager (Male) |
| 19:16 | Queue | Mangonel |
| 19:21 | Queue | Organ Gun |
| 19:45 | Queue | Organ Gun |
| 20:12 | Queue | Organ Gun |
| 20:17 | Queue | Villager (Male) |
| 20:46 | Queue | Villager (Male) |
| 20:50 | Build | Farm |
| 20:51 | Build | Farm |
| 20:52 | Build | Farm |
| 20:55 | Queue | Villager (Male) |
| 21:32 | Queue | Organ Gun |
| 21:32 | Queue | Organ Gun |
| 21:32 | Queue | Organ Gun |
| 22:18 | Queue | Organ Gun |
| 22:23 | Queue | Villager (Male) |
| 22:41 | Queue | Villager (Male) |
| 22:50 | Queue | Mangonel |
| 23:02 | Queue | Villager (Male) |
| 23:18 | Build | Mining Camp |
| 23:36 | Queue | Mangonel |
| 23:47 | Build | Gate |
| 23:52 | Build | Stone Wall |
| 23:58 | Queue | Villager (Male) |
| 24:42 | Research | Imperial Age |
| 25:09 | Build | Barracks |
| 25:36 | Research | Bow Saw |
| 25:38 | Build | Farm |
| 26:31 | Queue | Villager (Male) |
| 26:40 | Build | Mining Camp |
| 26:56 | Build | Archery Range |
| 27:01 | Queue | Villager (Male) |
| 27:10 | Build | Farm |
| 27:17 | Build | Farm |
| 27:38 | Queue | Villager (Male) |
| 27:49 | Build | House |
| 27:49 | Build | House |
| 27:49 | Build | House |
| 27:49 | Build | House |
| 27:49 | Build | House |
| 27:50 | Build | House |
| 27:50 | Build | House |
| 27:50 | Build | House |
| 28:08 | Queue | Trebuchet (Packed) |
| 28:50 | Build | University |
| 30:05 | Queue | Villager (Male) |
| 30:06 | Queue | Villager (Male) |
| 30:27 | Build | Feitoria |
| 30:30 | Queue | Villager (Male) |
| 30:33 | Build | House |
| 30:39 | Build | Stone Wall |
| 31:05 | Build | Archery Range |
| 31:09 | Build | Archery Range |
| 31:35 | Research | Chemistry |
| 31:39 | Build | Archery Range |
| 31:46 | Queue | Villager (Male) |
| 31:59 | Queue | Villager (Male) |
| 32:02 | Queue | Villager (Male) |
| 32:05 | Build | House |
| 32:07 | Build | House |
| 32:08 | Build | House |
Build order — HardyBoy
First 150 of 231 actions detected
| 0:01 | Queue | Villager (Male) |
| 0:01 | Queue | Villager (Male) |
| 0:02 | Build | House |
| 0:03 | Queue | Villager (Male) |
| 0:03 | Build | House |
| 0:04 | Queue | Villager (Male) |
| 1:35 | Queue | Villager (Male) |
| 1:41 | Research | Loom |
| 1:42 | Queue | Villager (Male) |
| 2:14 | Queue | Villager (Male) |
| 2:14 | Queue | Villager (Male) |
| 2:27 | Queue | Villager (Male) |
| 2:27 | Queue | Villager (Male) |
| 2:27 | Queue | Villager (Male) |
| 2:44 | Queue | Villager (Male) |
| 3:28 | Build | Lumber Camp |
| 3:39 | Queue | Villager (Male) |
| 3:40 | Queue | Villager (Male) |
| 4:18 | Queue | Villager (Male) |
| 4:19 | Queue | Villager (Male) |
| 4:20 | Queue | Villager (Male) |
| 4:56 | Queue | Villager (Male) |
| 4:56 | Queue | Villager (Male) |
| 4:56 | Queue | Villager (Male) |
| 5:03 | Build | Palisade Wall |
| 5:13 | Queue | Villager (Male) |
| 5:14 | Queue | Villager (Male) |
| 5:14 | Queue | Villager (Male) |
| 5:37 | Build | Mill |
| 5:42 | Build | House |
| 5:43 | Queue | Villager (Male) |
| 5:44 | Queue | Villager (Male) |
| 6:28 | Build | Palisade Wall |
| 6:29 | Build | Palisade Wall |
| 6:35 | Queue | Villager (Male) |
| 6:35 | Queue | Villager (Male) |
| 6:51 | Build | Mining Camp |
| 6:53 | Queue | Villager (Male) |
| 7:10 | Build | Palisade Wall |
| 7:10 | Build | Palisade Wall |
| 7:22 | Build | House |
| 7:27 | Queue | Villager (Male) |
| 7:28 | Queue | Villager (Male) |
| 7:28 | Queue | Villager (Male) |
| 7:30 | Queue | Villager (Male) |
| 7:31 | Queue | Villager (Male) |
| 7:31 | Queue | Villager (Male) |
| 7:46 | Build | Palisade Wall |
| 7:51 | Build | Palisade Wall |
| 7:51 | Build | Palisade Wall |
| 7:51 | Build | Palisade Wall |
| 7:52 | Build | Palisade Wall |
| 7:52 | Build | Palisade Wall |
| 7:53 | Build | Palisade Wall |
| 7:58 | Queue | Villager (Male) |
| 7:58 | Queue | Villager (Male) |
| 8:18 | Queue | Villager (Male) |
| 8:18 | Queue | Villager (Male) |
| 8:34 | Queue | Villager (Male) |
| 8:35 | Queue | Villager (Male) |
| 8:35 | Queue | Villager (Male) |
| 8:35 | Queue | Villager (Male) |
| 8:36 | Queue | Villager (Male) |
| 8:41 | Queue | Villager (Male) |
| 8:42 | Queue | Villager (Male) |
| 8:42 | Queue | Villager (Male) |
| 8:50 | Build | Mining Camp |
| 9:07 | Queue | Villager (Male) |
| 9:07 | Queue | Villager (Male) |
| 9:22 | Queue | Villager (Male) |
| 9:33 | Queue | Villager (Male) |
| 9:41 | Build | House |
| 10:18 | Queue | Villager (Male) |
| 10:43 | Queue | Villager (Male) |
| 11:03 | Queue | Villager (Male) |
| 11:30 | Research | Feudal Age |
| 11:30 | Research | Feudal Age |
| 12:08 | Build | Palisade Wall |
| 12:09 | Build | Palisade Wall |
| 12:16 | Queue | Villager (Male) |
| 12:20 | Queue | Villager (Male) |
| 12:30 | Build | House |
| 12:30 | Queue | Villager (Male) |
| 12:49 | Queue | Villager (Male) |
| 13:04 | Queue | Villager (Male) |
| 13:36 | Queue | Villager (Male) |
| 13:41 | Queue | Villager (Male) |
| 13:51 | Age | Feudal Age |
| 13:55 | Build | Market |
| 13:56 | Build | Blacksmith |
| 14:10 | Build | Mining Camp |
| 14:20 | Build | Palisade Wall |
| 14:23 | Build | Lumber Camp |
| 14:27 | Research | Horse Collar |
| 14:27 | Research | Double-Bit Axe |
| 14:38 | Build | Palisade Wall |
| 14:45 | Research | Castle Age |
| 14:49 | Build | Mill |
| 14:50 | Queue | Villager (Male) |
| 15:02 | Build | House |
| 15:03 | Build | House |
| 16:37 | Build | Farm |
| 16:38 | Build | Farm |
| 16:40 | Build | Farm |
| 16:53 | Queue | Villager (Male) |
| 17:08 | Queue | Villager (Male) |
| 17:16 | Queue | Villager (Male) |
| 17:25 | Age | Castle Age |
| 17:27 | Build | Town Center |
| 17:32 | Build | Town Center |
| 17:36 | Research | Bow Saw |
| 17:37 | Research | Heavy Plow |
| 17:37 | Research | Heavy Plow |
| 17:38 | Queue | Villager (Male) |
| 17:41 | Research | Heavy Plow |
| 17:48 | Queue | Villager (Male) |
| 17:49 | Queue | Villager (Male) |
| 18:14 | Build | House |
| 18:16 | Build | House |
| 18:17 | Queue | Villager (Male) |
| 18:18 | Queue | Villager (Male) |
| 18:40 | Queue | Villager (Male) |
| 18:42 | Build | Farm |
| 18:44 | Queue | Villager (Male) ×3 |
| 18:44 | Queue | Villager (Male) ×3 |
| 18:55 | Queue | Villager (Male) ×4 |
| 18:55 | Queue | Villager (Male) ×4 |
| 19:05 | Build | House |
| 19:07 | Build | House |
| 19:16 | Build | House |
| 19:29 | Build | Farm |
| 19:36 | Queue | Villager (Male) |
| 19:38 | Build | Farm |
| 19:38 | Build | Farm |
| 19:42 | Build | House |
| 19:54 | Build | Palisade Wall |
| 20:19 | Build | Farm |
| 20:20 | Build | Farm |
| 20:54 | Build | Castle |
| 20:56 | Queue | Villager (Male) |
| 20:56 | Queue | Villager (Male) |
| 21:33 | Queue | Villager (Male) ×2 |
| 21:33 | Queue | Villager (Male) ×2 |
| 22:16 | Build | Farm |
| 22:17 | Build | Farm |
| 22:33 | Queue | Villager (Male) |
| 22:41 | Build | Farm |
| 22:43 | Build | Farm |
| 22:50 | Build | Farm |
| 22:51 | Build | Farm |
Build order — Benedict Cucumberpatch
First 150 of 290 actions detected
| 0:04 | Queue | Villager (Male) |
| 0:06 | Build | House |
| 0:08 | Build | House |
| 0:18 | Queue | Villager (Male) |
| 0:19 | Queue | Villager (Male) |
| 0:19 | Queue | Villager (Male) |
| 0:19 | Queue | Villager (Male) |
| 1:39 | Queue | Villager (Male) |
| 1:40 | Queue | Villager (Male) |
| 2:05 | Queue | Villager (Male) |
| 2:20 | Queue | Villager (Male) |
| 2:20 | Queue | Villager (Male) |
| 2:35 | Build | Lumber Camp |
| 2:51 | Queue | Villager (Male) |
| 2:51 | Queue | Villager (Male) |
| 3:04 | Queue | Villager (Male) |
| 3:32 | Queue | Villager (Male) |
| 3:55 | Build | House |
| 4:11 | Queue | Villager (Male) |
| 4:15 | Build | House |
| 4:27 | Build | Mill |
| 4:32 | Queue | Villager (Male) |
| 4:48 | Build | House |
| 4:54 | Queue | Villager (Male) |
| 5:14 | Queue | Villager (Male) |
| 5:42 | Queue | Villager (Male) |
| 5:52 | Queue | Villager (Male) |
| 5:55 | Queue | Villager (Male) |
| 6:03 | Build | House |
| 6:26 | Build | Mill |
| 6:30 | Queue | Villager (Male) |
| 6:34 | Queue | Villager (Male) |
| 6:43 | Build | Mining Camp |
| 6:54 | Queue | Villager (Male) |
| 8:34 | Queue | Villager (Male) |
| 8:57 | Queue | Villager (Male) |
| 9:02 | Build | Farm |
| 9:03 | Build | Farm |
| 9:09 | Research | Feudal Age |
| 9:18 | Build | Farm |
| 10:02 | Build | Mining Camp |
| 10:24 | Build | Farm |
| 11:34 | Age | Feudal Age |
| 11:36 | Build | Blacksmith |
| 11:38 | Build | Market |
| 11:48 | Queue | Villager (Male) |
| 12:02 | Build | Lumber Camp |
| 12:30 | Research | Castle Age |
| 12:30 | Research | Castle Age |
| 12:43 | Research | Horse Collar |
| 12:48 | Build | Farm |
| 12:50 | Build | Farm |
| 13:15 | Research | Double-Bit Axe |
| 13:20 | Build | Farm |
| 14:22 | Queue | Villager (Male) |
| 14:53 | Build | Farm |
| 15:02 | Build | Farm |
| 15:10 | Age | Castle Age |
| 15:12 | Build | Siege Workshop |
| 15:13 | Research | Bow Saw |
| 15:14 | Research | Heavy Plow |
| 15:15 | Queue | Villager (Male) |
| 15:24 | Build | Town Center |
| 15:27 | Queue | Villager (Male) |
| 16:09 | Queue | Mangonel |
| 16:16 | Build | Stone Wall |
| 16:20 | Build | Gate |
| 16:30 | Queue | Villager (Male) |
| 16:41 | Queue | Villager (Male) |
| 16:44 | Research | Bow Saw |
| 16:47 | Research | Heavy Plow |
| 16:48 | Research | Heavy Plow |
| 17:06 | Queue | Villager (Male) |
| 17:06 | Queue | Villager (Male) |
| 18:15 | Queue | Villager (Male) |
| 18:15 | Queue | Villager (Male) |
| 18:15 | Queue | Villager (Male) |
| 18:16 | Queue | Villager (Male) |
| 18:16 | Queue | Villager (Male) |
| 18:17 | Queue | Villager (Male) |
| 18:19 | Build | Town Center |
| 18:20 | Queue | Villager (Male) |
| 18:25 | Build | Town Center |
| 18:28 | Queue | Villager (Male) |
| 18:37 | Queue | Villager (Male) |
| 18:38 | Queue | Villager (Male) |
| 18:38 | Queue | Villager (Male) |
| 18:43 | Queue | Villager (Male) |
| 18:59 | Queue | Villager (Male) |
| 19:05 | Build | Farm |
| 19:07 | Build | Farm |
| 19:08 | Build | Farm |
| 19:09 | Build | Farm |
| 19:12 | Build | Farm |
| 19:13 | Build | Farm |
| 19:14 | Queue | Villager (Male) |
| 19:32 | Queue | Villager (Male) |
| 19:34 | Build | House |
| 19:35 | Build | House |
| 19:36 | Build | House |
| 19:37 | Build | House |
| 19:37 | Build | House |
| 19:40 | Queue | Villager (Male) |
| 19:41 | Build | Farm |
| 19:42 | Build | Farm |
| 19:43 | Build | Farm |
| 19:48 | Queue | Scorpion |
| 20:10 | Queue | Villager (Male) |
| 20:13 | Queue | Villager (Male) |
| 20:13 | Queue | Villager (Male) |
| 20:15 | Build | Farm |
| 20:15 | Build | Farm |
| 20:17 | Build | Farm |
| 20:27 | Research | Wheelbarrow |
| 20:28 | Queue | Villager (Male) |
| 20:41 | Queue | Villager (Male) |
| 20:47 | Queue | Villager (Male) |
| 20:48 | Queue | Villager (Male) |
| 20:48 | Queue | Villager (Male) |
| 20:52 | Build | Farm |
| 20:53 | Build | Farm |
| 20:54 | Build | Farm |
| 20:55 | Build | Farm |
| 20:55 | Queue | Villager (Male) |
| 20:56 | Queue | Villager (Male) |
| 20:57 | Build | Farm |
| 21:15 | Queue | Villager (Male) |
| 21:19 | Build | Farm |
| 21:21 | Queue | Villager (Male) |
| 21:26 | Queue | Villager (Male) |
| 21:29 | Queue | Villager (Male) |
| 21:35 | Build | Mining Camp |
| 21:38 | Queue | Villager (Male) |
| 21:44 | Queue | Villager (Male) |
| 21:52 | Queue | Villager (Male) |
| 21:52 | Build | Farm |
| 21:54 | Build | Farm |
| 21:59 | Build | Farm |
| 22:00 | Build | Farm |
| 22:02 | Queue | Villager (Male) |
| 22:06 | Build | House |
| 22:06 | Build | House |
| 22:07 | Build | House |
| 22:07 | Build | House |
| 22:07 | Build | House |
| 22:08 | Build | House |
| 22:08 | Build | House |
| 22:08 | Build | House |
| 22:09 | Build | House |
| 22:09 | Build | House |
Build order — Pandas United
First 150 of 348 actions detected
| 0:00 | Queue | Villager (Male) |
| 0:01 | Queue | Villager (Male) |
| 0:02 | Build | House |
| 0:03 | Build | House |
| 0:08 | Queue | Villager (Male) |
| 0:08 | Queue | Villager (Male) |
| 1:24 | Queue | Villager (Male) |
| 1:52 | Build | Lumber Camp |
| 1:59 | Queue | Villager (Male) |
| 2:19 | Queue | Villager (Male) |
| 2:47 | Queue | Villager (Male) |
| 2:47 | Queue | Villager (Male) |
| 3:03 | Build | House |
| 3:06 | Queue | Villager (Male) |
| 3:40 | Queue | Villager (Male) |
| 4:03 | Queue | Villager (Male) |
| 4:20 | Build | Dock |
| 4:34 | Queue | Villager (Male) |
| 5:01 | Queue | Fishing Ship |
| 5:10 | Queue | Villager (Male) |
| 5:26 | Build | House |
| 5:28 | Queue | Villager (Male) |
| 5:46 | Queue | Fishing Ship |
| 6:05 | Queue | Villager (Male) |
| 6:16 | Queue | Villager (Male) |
| 6:43 | Queue | Villager (Male) |
| 6:46 | Build | House |
| 6:48 | Queue | Fishing Ship |
| 7:03 | Queue | Villager (Male) |
| 7:34 | Queue | Fishing Ship |
| 7:51 | Build | House |
| 7:53 | Queue | Villager (Male) |
| 8:01 | Queue | Fishing Ship |
| 8:12 | Queue | Villager (Male) |
| 8:26 | Build | Mill |
| 8:27 | Queue | Villager (Male) |
| 8:49 | Queue | Villager (Male) |
| 8:51 | Queue | Fishing Ship |
| 9:11 | Build | Mining Camp |
| 9:35 | Research | Feudal Age |
| 10:03 | Queue | Fishing Ship |
| 10:32 | Build | Lumber Camp |
| 11:10 | Build | House |
| 11:31 | Queue | Villager (Male) |
| 11:31 | Queue | Villager (Male) |
| 11:45 | Age | Feudal Age |
| 11:47 | Build | Market |
| 12:15 | Queue | Villager (Male) |
| 12:28 | Build | Blacksmith |
| 12:55 | Queue | Villager (Male) |
| 13:17 | Research | Castle Age |
| 13:19 | Research | Double-Bit Axe |
| 13:29 | Build | Fish Trap |
| 13:34 | Build | Fish Trap |
| 13:38 | Build | Fish Trap |
| 14:07 | Build | House |
| 14:08 | Build | House |
| 14:11 | Build | House |
| 14:12 | Queue | Villager (Male) |
| 14:39 | Build | Fish Trap |
| 14:44 | Build | Fish Trap |
| 15:09 | Build | Fish Trap |
| 15:12 | Queue | Villager (Male) |
| 15:14 | Research | Tech 906 |
| 16:05 | Age | Castle Age |
| 16:07 | Build | Town Center |
| 16:09 | Build | Town Center |
| 16:12 | Queue | Villager (Male) |
| 16:22 | Research | Bow Saw |
| 16:48 | Queue | Villager (Male) |
| 16:52 | Queue | Villager (Male) |
| 17:05 | Queue | Villager (Male) |
| 17:12 | Research | Gillnets |
| 17:14 | Queue | Villager (Male) |
| 17:21 | Queue | Villager (Male) |
| 17:21 | Queue | Villager (Male) |
| 17:29 | Queue | Villager (Male) |
| 17:32 | Queue | Villager (Male) |
| 17:36 | Queue | Villager (Male) |
| 17:43 | Queue | Villager (Male) |
| 17:49 | Queue | Fishing Ship |
| 17:55 | Build | Dock |
| 18:03 | Build | Dock |
| 18:04 | Queue | Villager (Male) |
| 18:07 | Queue | Fishing Ship |
| 18:11 | Research | Wheelbarrow |
| 18:15 | Queue | Villager (Male) |
| 18:24 | Build | House |
| 18:25 | Build | House |
| 18:26 | Build | House |
| 18:26 | Build | House |
| 18:30 | Build | House |
| 18:31 | Build | House |
| 18:31 | Build | House |
| 18:32 | Build | House |
| 18:32 | Build | House |
| 18:35 | Queue | Fishing Ship |
| 18:39 | Build | Fish Trap |
| 18:45 | Queue | Villager (Male) |
| 18:45 | Queue | Villager (Male) |
| 18:45 | Queue | Villager (Male) |
| 18:47 | Build | Fish Trap |
| 18:53 | Build | House |
| 18:54 | Build | House |
| 18:54 | Build | House |
| 19:00 | Queue | Fishing Ship |
| 19:04 | Build | House |
| 19:05 | Build | House |
| 19:06 | Queue | Fishing Ship |
| 19:06 | Queue | Fishing Ship |
| 19:07 | Queue | Villager (Male) |
| 19:16 | Build | Fish Trap |
| 19:19 | Queue | Fishing Ship |
| 19:25 | Queue | Villager (Male) |
| 19:29 | Queue | Fishing Ship |
| 19:32 | Queue | Villager (Male) |
| 19:44 | Queue | Villager (Male) |
| 19:48 | Build | Fish Trap |
| 19:51 | Build | Fish Trap |
| 19:55 | Build | Fish Trap |
| 19:56 | Queue | Villager (Male) |
| 19:56 | Queue | Villager (Male) |
| 19:57 | Queue | Fishing Ship |
| 20:00 | Build | House |
| 20:01 | Build | House |
| 20:01 | Build | House |
| 20:03 | Queue | Villager (Male) |
| 20:08 | Build | Monastery |
| 20:09 | Queue | Villager (Male) |
| 20:18 | Build | Mining Camp |
| 20:22 | Queue | Villager (Male) |
| 20:26 | Research | Gold Mining |
| 20:30 | Build | Fish Trap |
| 20:34 | Build | House |
| 20:35 | Build | House |
| 20:36 | Build | House |
| 20:38 | Build | Fish Trap |
| 20:42 | Build | Fish Trap |
| 20:43 | Queue | Villager (Male) |
| 20:45 | Queue | Monk |
| 20:53 | Queue | Villager (Male) |
| 20:54 | Queue | Fishing Ship |
| 20:55 | Queue | Fishing Ship |
| 21:02 | Queue | Villager (Male) |
| 21:09 | Queue | Fishing Ship |
| 21:25 | Queue | Villager (Male) |
| 21:25 | Queue | Villager (Male) |
| 21:27 | Queue | Fishing Ship |
| 21:27 | Queue | Fishing Ship |
| 21:33 | Build | Dock |
Match timeline
| 0:45 | Flex · wall_segment Palisade Wall x10 |
| 1:38 | JARDANI1299 · wall_segment Palisade Wall x10 |
| 2:28 | Mushu · wall_segment Palisade Wall x1 |
| 2:29 | Mushu · wall_segment Palisade Wall x1 |
| 2:51 | Mushu · wall_segment Palisade Wall x1 |
| 2:54 | Mushu · wall_segment Palisade Wall x1 |
| 3:14 | JARDANI1299 · wall_segment Palisade Wall x1 |
| 3:16 | JARDANI1299 · wall_segment Palisade Wall x8 |
| 3:35 | Mushu · wall_segment Palisade Wall x1 |
| 3:35 | Flex · wall_segment Palisade Wall x1 |
| 3:38 | Mushu · wall_segment Palisade Wall x1 |
| 3:59 | Flex · wall_segment Palisade Wall x1 |
| 4:01 | Mushu · wall_segment Palisade Wall x1 |
| 4:03 | Mushu · wall_segment Palisade Wall x1 |
| 4:04 | Flex · wall_segment Palisade Wall x1 |
| 4:05 | Mushu · wall_segment Palisade Wall x2 |
| 4:11 | Mushu · wall_segment Palisade Wall x1 |
| 4:15 | Mushu · wall_segment Palisade Wall x1 |
| 4:20 | Mushu · wall_segment Palisade Wall x1 |
| 4:20 | Pandas United · first_building Dock |
| 4:21 | Mushu · wall_segment Palisade Wall x1 |
| 4:23 | Mushu · wall_segment Palisade Wall x1 |
| 4:48 | Czech Norris (RIP) · first_building Dock |
| 5:03 | HardyBoy · wall_segment Palisade Wall x4 |
| 5:20 | aoclearnarabia · first_building Dock |
| 6:04 | JARDANI1299 · wall_segment Palisade Wall x8 |
| 6:11 | JARDANI1299 · wall_segment Palisade Wall x1 |
| 6:28 | HardyBoy · wall_segment Palisade Wall x6 |
| 6:29 | HardyBoy · wall_segment Palisade Wall x2 |
| 7:10 | HardyBoy · wall_segment Palisade Wall x1 |
| 7:10 | HardyBoy · wall_segment Palisade Wall x1 |
| 7:35 | Flex · first_building Dock |
| 7:46 | HardyBoy · wall_segment Palisade Wall x6 |
| 7:51 | HardyBoy · wall_segment Palisade Wall x1 |
| 7:51 | HardyBoy · wall_segment Palisade Wall x1 |
| 7:51 | HardyBoy · wall_segment Palisade Wall x1 |
| 7:52 | HardyBoy · wall_segment Palisade Wall x1 |
| 7:52 | HardyBoy · wall_segment Palisade Wall x1 |
| 7:53 | HardyBoy · wall_segment Palisade Wall x1 |
| 9:53 | Mushu · first_building Barracks |
| 11:34 | Benedict Cucumberpatch · age_up feudal |
| 11:45 | Pandas United · age_up feudal |
| 12:08 | HardyBoy · wall_segment Palisade Wall x4 |
| 12:09 | HardyBoy · wall_segment Palisade Wall x1 |
| 12:24 | Czech Norris (RIP) · age_up feudal |
| 12:34 | Mushu · age_up feudal |
| 12:51 | Czech Norris (RIP) · wall_segment Palisade Wall x1 |
| 12:56 | Czech Norris (RIP) · wall_segment Palisade Wall x3 |
| 13:17 | aoclearnarabia · age_up feudal |
| 13:37 | Flex · wall_segment Palisade Wall x4 |
| 13:39 | Flex · wall_segment Palisade Wall x7 |
| 13:51 | HardyBoy · age_up feudal |
| 14:06 | Flex · wall_segment Palisade Wall x3 |
| 14:12 | Flex · wall_segment Palisade Wall x5 |
| 14:20 | HardyBoy · wall_segment Palisade Wall x4 |
| 14:38 | HardyBoy · wall_segment Palisade Wall x9 |
| 15:05 | Mushu · first_building Archery Range |
| 15:10 | Benedict Cucumberpatch · age_up castle |
| 15:12 | Benedict Cucumberpatch · first_building Siege Workshop |
| 15:20 | Flex · age_up feudal |
| 15:24 | Flex · wall_segment Stone Wall x8 |
| 15:35 | Czech Norris (RIP) · age_up castle |
| 15:36 | Flex · wall_segment Stone Wall x10 |
| 15:43 | aoclearnarabia · first_building Barracks |
| 15:47 | Flex · wall_segment Stone Wall x5 |
| 16:05 | Pandas United · age_up castle |
| 16:16 | Benedict Cucumberpatch · wall_segment Stone Wall x7 |
| 16:22 | Flex · wall_segment Stone Wall x1 |
| 16:53 | Mushu · wall_segment Stone Wall x4 |
| 16:58 | JARDANI1299 · first_building Castle |
| 16:59 | Mushu · wall_segment Stone Wall x10 |
| 17:12 | aoclearnarabia · age_up castle |
| 17:16 | aoclearnarabia · first_building Monastery |
| 17:21 | aoclearnarabia · first_building Siege Workshop |
| 17:25 | HardyBoy · age_up castle |
| 17:29 | Czech Norris (RIP) · wall_segment Stone Wall x1 |
| 17:32 | Czech Norris (RIP) · wall_segment Stone Wall x1 |
| 17:32 | Czech Norris (RIP) · wall_segment Stone Wall x1 |
| 17:42 | JARDANI1299 · wall_segment Stone Wall x1 |
| 17:43 | JARDANI1299 · wall_segment Stone Wall x11 |
| 17:46 | JARDANI1299 · wall_segment Stone Wall x1 |
| 17:52 | Czech Norris (RIP) · wall_segment Stone Wall x1 |
| 18:13 | JARDANI1299 · first_building Siege Workshop |
| 18:27 | Czech Norris (RIP) · wall_segment Stone Wall x1 |
| 18:27 | Czech Norris (RIP) · wall_segment Stone Wall x1 |
| 18:28 | Czech Norris (RIP) · wall_segment Stone Wall x5 |
| 18:46 | aoclearnarabia · first_building Archery Range |
| 18:54 | Mushu · wall_segment Stone Wall x5 |
| 18:58 | Mushu · wall_segment Stone Wall x4 |
| 19:15 | Czech Norris (RIP) · first_building Siege Workshop |
| 19:16 | Mushu · wall_segment Stone Wall x1 |
| 19:17 | Mushu · wall_segment Stone Wall x1 |
| 19:18 | Mushu · wall_segment Stone Wall x1 |
| 19:20 | Mushu · wall_segment Stone Wall x1 |
| 19:21 | JARDANI1299 · first_market_sell 100 wood |
| 19:54 | HardyBoy · wall_segment Palisade Wall x1 |
| 19:58 | Mushu · wall_segment Stone Wall x1 |
| 20:08 | Pandas United · first_building Monastery |
| 20:32 | Mushu · wall_segment Stone Wall x1 |
| 20:42 | HardyBoy · first_market_sell 100 wood |
| 20:50 | Flex · wall_segment Stone Wall x1 |
| 20:51 | HardyBoy · first_market_buy 100 stone |
| 20:54 | HardyBoy · first_building Castle |
| 21:19 | Mushu · wall_segment Stone Wall x9 |
| 21:29 | Flex · wall_segment Stone Wall x12 |
| 21:52 | aoclearnarabia · age_up imperial |
| 22:48 | Benedict Cucumberpatch · first_market_sell 100 food |
| 23:26 | Benedict Cucumberpatch · first_building Barracks |
| 23:31 | Mushu · first_market_sell 100 wood |
| 23:33 | Mushu · first_market_buy 100 stone |
| 23:47 | Czech Norris (RIP) · first_building Barracks |
| 23:51 | Mushu · age_up castle |
| 23:52 | JARDANI1299 · wall_segment Stone Wall x1 |
| 24:15 | aoclearnarabia · first_market_sell 100 wood |
| 24:19 | Czech Norris (RIP) · first_market_buy 100 food |
| 24:21 | Flex · wall_segment Stone Wall x12 |
| 24:31 | Czech Norris (RIP) · first_building Archery Range |
| 24:41 | Flex · age_up castle |
| 24:50 | Benedict Cucumberpatch · first_building Stable |
| 24:52 | Pandas United · first_building Barracks |
| 25:06 | Benedict Cucumberpatch · first_building Castle |
| 25:09 | JARDANI1299 · first_building Barracks |
| 25:11 | Pandas United · first_market_buy 100 food |
| 25:14 | Czech Norris (RIP) · first_building Castle |
| 25:18 | JARDANI1299 · first_market_buy 100 food |
| 25:26 | Pandas United · first_building Siege Workshop |
| 25:56 | Pandas United · first_building Castle |
| 26:48 | Czech Norris (RIP) · age_up imperial |
| 26:51 | Benedict Cucumberpatch · first_market_buy 100 wood |
| 26:56 | JARDANI1299 · first_building Archery Range |
| 27:49 | Czech Norris (RIP) · first_building Stable |
| 27:54 | HardyBoy · first_building Barracks |
| 28:19 | aoclearnarabia · first_market_buy 100 wood |
| 28:29 | Pandas United · age_up imperial |
| 28:52 | HardyBoy · first_building Archery Range |
| 28:53 | HardyBoy · first_building Stable |
| 29:22 | Mushu · first_building Monastery |
| 29:55 | aoclearnarabia · wall_segment Stone Wall x6 |
| 30:00 | Pandas United · first_market_sell 500 wood |
| 30:11 | Flex · wall_segment Stone Wall x1 |
| 30:11 | Flex · wall_segment Stone Wall x1 |
| 30:14 | Flex · wall_segment Stone Wall x1 |
| 30:30 | Czech Norris (RIP) · first_market_sell 100 food |
| 30:32 | Mushu · first_building Siege Workshop |
| 30:39 | JARDANI1299 · wall_segment Stone Wall x5 |
| 30:59 | Benedict Cucumberpatch · resign |
| 31:05 | Mushu · first_building Castle |
[ AI ANALYSIS · 1 CREDIT ]
What really happened in this match?
Wolo.gg analyzes every decision: build order, eco, micro, common mistakes by bracket. Personalized analysis on WhatsApp or Discord in 30 seconds.
Civ guide
Tatars
Perfil
Jugador #3452930